 Dungeon Crawl Stone Soup version 0.30-a0-465-g8901f6c8b5 (webtiles) character file.

Game seed: 14955096515876027631

543 bande the Chopper (level 7, -2/44 HPs)
             Began as a Gargoyle Fighter on Dec 18, 2022.
             Engulfed by an orc wizard's steam (21 damage)
             ... on level 4 of the Dungeon.
             The game lasted 00:05:41 (3255 turns).

bande the Chopper (Gargoyle Fighter)                Turns: 3255, Time: 00:05:41

Health: -2/44      AC: 15    Str: 20    XL:     7   Next: 27%
Magic:  7/7        EV:  9    Int:  8    God:
Gold:   143        SH:  4    Dex: 11    Spells: 6/6 levels left

rFire   . . .      SeeInvis +    a - +0 war axe
rCold   . . .      Faith    .    c - +0 buckler
rNeg    + + .      Spirit   .    b - +0 scale mail
rPois   ∞          Reflect  .    n - +1 helmet
rElec   +          Harm     .    (no cloak)
rCorr   .          Rampage  .    (no gloves)
Will    .....                    j - +0 pair of boots
Stlth   ..........               (no amulet)
HPRegen 0.27/turn                i - ring of see invisible
MPRegen 0.10/turn                d - ring of positive energy

@: very slow
A: sickness immunity, AC +4, negative energy resistance 1, electricity
resistance, torment resistance 1, petrification resistance
a: no special abilities


You were on level 4 of the Dungeon.
You visited 1 branch of the dungeon, and saw 4 of its levels.

You collected 143 gold pieces.

Inventory:

Hand Weapons
 a - a +0 war axe (weapon)
 m - a +1 flail of protection
Armour
 b - a +0 scale mail (worn)
 c - a +0 buckler (worn)
 j - a +0 pair of boots (worn)
 n - a +1 helmet (worn)
Jewellery
 d - a ring of positive energy (right hand)
 i - a ring of see invisible (left hand)
Wands
 o - a wand of flame (17)
 p - a wand of iceblast (4)
Scrolls
 e - a scroll of amnesia {unknown}
 f - 4 scrolls of identify {unknown}
Potions
 g - 2 potions of curing
 h - a potion of invisibility {unknown}
 k - 4 potions of lignification {unknown}
 l - a potion of cancellation {unknown}
 q - a potion of haste {unknown}


   Skills:
 + Level 4.7 Fighting
 + Level 5.0 Axes
 + Level 4.7 Armour
 - Level 0.1 Dodging
 + Level 4.3 Shields
 * Level 1.0 Evocations


You had 6 spell levels left.
You didn't know any spells.
Your spell library contained the following spells:

 Spells                   Type           Power      Damage    Failure   Level
 Blink                    Tloc           0%         N/A       93%         2
 Ensorcelled Hibernation  Hex/Ice        0%         N/A       93%         2
 Passwall                 Tmut/Erth      0%         N/A       93%         2
 Swiftness                Air            0%         N/A       99%         3
 Manifold Assault         Tloc           0%         N/A       100%        4
 Storm Form               Tmut/Air       0%         N/A       100%        7


Dungeon Overview and Level Annotations

Branches:
Dungeon (4/15)
 Temple: D:4-7

Altars:
The Shining One

Shops:
D:4 =


Innate Abilities, Weirdness & Mutations

You are immune to sickness and miasma.
Your stone body is resilient. (AC +4)
You are immune to poison.
You resist negative energy. (rN+)
You are resistant to electric shocks. (rElec)
You are resistant to unholy torment.
You are immune to petrification.


Message History

You block the orc priest's attack.
The orc priest hits you but does no damage.
You miss the orc wizard.
You hit the orc priest but do no damage.
The orc priest calls upon Beogh to heal the orc priest.
The orc priest is healed somewhat.
You block the orc priest's attack.
Unknown command.
You hit the orc wizard.
The orc wizard is moderately wounded.
You hit the orc priest.
The orc wizard gestures wildly while chanting.
The orc wizard flickers and vanishes for a moment.
The orc priest hits you but does no damage. x2
Unknown command.
You hit the orc wizard.
The orc wizard is heavily wounded.
You hit the gnoll. You hit the orc priest. The orc wizard barely misses you.
The orc priest hits you but does no damage. x2
You block the gnoll's attack.
A gnoll comes into view. It is wielding a +0 whip.
Unknown command.
You hit the orc wizard.
The orc wizard is almost dead.
You hit the orc priest. You slash the gnoll!
The orc wizard hits you but does no damage.
The orc priest barely misses you. You block the gnoll's attack.
The orc wizard splashes around in the water.
The orc priest splashes around in the water.
Your unstable footing causes you to fumble your attack.
The gnoll hits you but does no damage.
A gnoll comes into view. It is wielding a +0 club.
The orc priest splashes around in the water.
The orc wizard gestures at you while chanting.
The puff of flame hits you but does no damage.
The orc priest hits you but does no damage.
The gnoll hits you with a +0 whip.
A gnoll comes into view. It is wielding a +0 halberd.
Your unstable footing causes you to fumble your attack.
You are engulfed in a cloud of scalding steam.
You die...

##.:........####
#.........g.....
...........g..## ####
................ ....
...........g..# ####
..............# ###
...)..........## ##..
.......)..♣g...# #######..#
.#....>..)o@~..##
#....##.##
#######)ooo~~♣.###.......[#
##o~~~~..#.<..#...#.#
#..~≈~.~♣#.##..#)#..#
#P~~~≈~♣.#)##...∩...#
#.~.≈≈~~.#)....#.#..#
#..~~≈~~♣).#..#...#.#
##.~~P~~~.####.......#
.....~.~~.~.# #########


You could see 2 orc priests, an orc wizard (invisible), 4 gnolls and 2 orcs.

Vanquished Creatures
  Sigmund (D:2)
  Ijyb (D:3)
  Natasha (thrice) (D:3)
  An iguana (D:4)
  An orc wizard (D:3)
  Robin (D:3)
  7 adders
  5 gnolls (D:4)
  2 worms (D:3)
  A dart slug (D:1)
  10 orcs
  11 ball pythons
  7 bats
  5 endoplasms
  2 giant cockroaches
  15 goblins
  14 hobgoblins
  2 jackals (D:1)
  5 quokkas
  3 frilled lizards (D:1)
  7 kobolds
  5 rats
109 creatures vanquished.

Vanquished Creatures (others)
  11 plants
11 creatures vanquished.

Grand Total: 120 creatures vanquished

Notes
Turn   | Place    | Note
-------+----------+-------------------------------------------
     0 | D:1      | bande the Gargoyle Fighter began the quest for the Orb.
     0 | D:1      | Reached XP level 1. HP: 14/14 MP: 1/1
    99 | D:1      | Reached XP level 2. HP: 16/19 MP: 2/2
   372 | D:1      | Reached XP level 3. HP: 23/23 MP: 3/3
   709 | D:1      | Reached skill level 2 in Axes
  1247 | D:2      | Reached XP level 4. HP: 29/29 MP: 4/4
  1626 | D:2      | Noticed Sigmund
  1651 | D:2      | Killed Sigmund
  1652 | D:2      | Reached skill level 3 in Axes
  1652 | D:2      | Reached XP level 5. HP: 18/33 MP: 5/5
  1652 | D:2      | Reached XP level 6. HP: 20/38 MP: 6/6
  2029 | D:3      | Noticed Natasha
  2033 | D:3      | Killed Natasha
  2034 | D:3      | Reached skill level 4 in Axes
  2329 | D:3      | Found a glowing golden altar of the Shining One.
  2376 | D:3      | Noticed Robin
  2390 | D:3      | Killed Robin
  2405 | D:3      | Noticed Natasha
  2412 | D:3      | Killed Natasha
  2704 | D:3      | Noticed Ijyb
  2710 | D:3      | Noticed Natasha
  2721 | D:3      | Killed Ijyb
  2724 | D:3      | Killed Natasha
  2901 | D:3      | Reached XP level 7. HP: 44/44 MP: 7/7
  3068 | D:4      | Found Enkait's Jewellery Shoppe.
  3131 | D:4      | Reached skill level 5 in Axes
  3231 | D:4      | Reached skill level 1 in Evocations
  3255 | D:4      | Engulfed by an orc wizard's steam

Illustrated notes

Levels and vault maps discovered:
D:1:      minmay_arrival_radiant_lines, layout_loops_ring, serial_forest,
          infiniplex_forest_lined_2, infiniplex_forest_lined_room_2,
          infiniplex_forest_clump_small, infiniplex_forest_lined_room_,
          infiniplex_forest_end_2, infiniplex_forest_end_3,
          infiniplex_forest_lined_4_way, infiniplex_forest_zigzag_1
D:2:      layout_basic, minmay_misc_feat_nine_boxes, minmay_heptomino_d4,
          uniq_sigmund
D:3:      layout_loops_corners, lemuel_tele_altar, st_stairs_10,
          minmay_misc_feat_more_columns, uniq_robin, uniq_natasha, uniq_ijyb
D:4:      layout_rooms, nicolae_overflow_crystal_walls,
          minmay_temple_entry_grid, serial_bayou, serial_bayou_shore_a,
          serial_bayou_shore_b, serial_bayou_pond_d, serial_bayou_pond_b,
          serial_shops, nicolae_shop_advertising_works
          [nicolae_subvault_shop_adworks], hangedman_abyss_or_decor_passed,
          amcnicky_mini_pool_small

Skill      XL: |  1  2  3  4  5  6  7 |
---------------+----------------------+-----
Axes           | 2 3 4 5 |  5.0
Armour         | 4 |  4.7
Fighting       | 4 |  4.7
Shields        | 4 |  4.3
Evocations     | 1 |  1.0
Dodging        | |  0.1

Action                   |  1- 3 |  4- 6 |  7- 9 || total
-------------------------+-------+-------+-------++-------
Melee: War axe           |   133 |   140 |    78 ||   351
  Use: Scroll            |     4 |       |       ||     4
       Potion            |       |     1 |       ||     1
 Stab: Distracted        |       |     1 |       ||     1
Armor: Scale mail        |    88 |    82 |    59 ||   229
Dodge: Dodged            |    92 |    62 |    34 ||   188
Block: Buckler           |    47 |    30 |    20 ||    97

Table legend: (Time is in decaauts)
 A = Elapsed time spent in this place.
 B = Non-inter-level travel time spent in this place.
 C = Inter-level travel time spent in this place.
 D = Time resting spent in this place.
 E = Time spent auto-exploring this place.
 F = Levels seen in this place.
 G = Mean time per level.
                   A        B        C        D        E       F      G
               +--------+--------+--------+--------+--------+-----+--------+
         Total |   3403 |   3317 |     86 |    292 |   2135 |   4 |  850.8 |
       Dungeon |   3403 |   3317 |     86 |    292 |   2135 |   4 |  850.8 |
               +--------+--------+--------+--------+--------+-----+--------+

Top non-repeatable levels by time:
     D:3: 1131 daAuts
     D:2: 1116 daAuts
     D:1: 945 daAuts
     D:4: 209 daAuts
